 Dungeon Crawl Stone Soup version 0.24-a0-358-g53aee78b01 (webtiles) character file.

Game seed: 17681947896472254152

167 Gildeon the Digger (level 5, -17/28 HPs)
             Began as a Gargoyle Earth Elementalist on May 25, 2019.
             Was an Initiate of Sif Muna.
             Demolished by an ogre
             ... wielding a +0 giant club
              (18 damage)
             ... on level 3 of the Dungeon.
             The game lasted 00:24:15 (2739 turns).

Gildeon the Digger (Gargoyle Earth Elementalist)    Turns: 2739, Time: 00:24:16

Health: -17/28     AC:  9    Str: 11    XL:     5   Next: 48%
Magic:  9/9        EV: 11    Int: 22    God:    Sif Muna [......]
Gold:   134        SH:  0    Dex: 10    Spells: 0/10 levels left

rFire    . . .     SeeInvis .   m - +2 mace
rCold    . . .     Gourm    .   (no shield)
rNeg     + . .     Faith    .   r - +0 ring mail
rPois    ∞         Spirit   .   (no helmet)
rElec    +         Reflect  .   (no cloak)
rCorr    .         Harm     .   (no gloves)
MR       .....                  (no boots)
Stlth    +.........             (no amulet)
HPRegen  0.09/turn              (no ring)
MPRegen  0.11/turn              (no ring)

@: brilliant
A: negative energy resistance 1, electricity resistance, unbreathing,
petrification resistance, rot immunity, AC +4
a: Renounce Religion


You were on level 3 of the Dungeon.
You worshipped Sif Muna.
Sif Muna was noncommittal.
You were not hungry.

You visited 1 branch of the dungeon, and saw 4 of its levels.

You collected 134 gold pieces.

Inventory:

Hand Weapons
 m - a +2 mace (weapon)
Missiles
 b - 36 stones (quivered)
Armour
 c - a +0 robe
 j - a +0 leather armour
 q - a +0 chain mail
 r - a +0 ring mail (worn)
 s - a +0 scale mail
Wands
 n - a wand of scattershot (8)
Scrolls
 i - a scroll of teleportation
 o - a scroll of remove curse {unknown}
Potions
 a - a potion of curing {unknown}
 e - a potion of lignification {unknown}
 f - 2 potions of brilliance
 g - a potion of degeneration {unknown}
 k - a potion of haste {unknown}
 l - 2 potions of ambrosia {unknown}
 p - a potion of heal wounds {unknown}
Comestibles
 d - 11 rations
 h - 4 chunks of flesh


   Skills:
 + Level 2.9 Dodging
 - Level 2.1 Stealth
 + Level 3.2 Spellcasting
 + Level 0.7 Conjurations
 - Level 0.7 Transmutations
 - Level 5.0 Earth Magic


You couldn't memorise any spells.
You knew the following spells:

 Your Spells              Type           Power        Failure   Level  Hunger
a - Sandblast             Erth           #####.       1%          1    None
b - Passwall              Tmut/Erth      ####....     1%          2    ##.....
c - Stone Arrow           Conj/Erth      ####..       3%          3    ###....
d - Petrify               Tmut/Erth      ####....     10%         4    ####...

Your spell library contained the following spells:

 Spells                   Type           Power        Failure   Level  Hunger
 Lee's Rapid Deconstruct  Erth           #####.....   12%         5    ######.


Dungeon Overview and Level Annotations

Branches:
Dungeon (4/15)
 Temple: D:4-7

Altars:
Sif Muna

Annotations:
D:4 Robin


Innate Abilities, Weirdness & Mutations

You are resistant to torment.
Your stone body is resilient. (AC +4)
You are immune to poison.
You resist negative energy. (rN+)
You are resistant to electric shocks. (rElec)
You can survive without breathing.
You are immune to petrification.
You are immune to rotting.


Message History

There is a stone staircase leading down here.
You start resting.
HP restored.
You climb downwards.
Level annotation: Robin The ogre hits you with a +0 giant club!
The orc wizard gestures at you while chanting.
You resist with some effort.
Some of the chunks of flesh in your inventory have rotted away.
There is a stone staircase leading up here.
The ogre barely misses you.
You climb upwards.
There is a stone staircase leading down here.
The ogre hits you with a +0 giant club!
Ouch! That really hurt!
* * * LOW HITPOINT WARNING * * *
You feel clever all of a sudden.
The ogre hits you with a +0 giant club!!
Ouch! That really hurt!
You die...

#.#..# #.##.## .....#
#.##..#
.....###.###.#
...[.........#
.....#.#.#########
.........###.)>..##
.............).)..##
...................#
.........>......@..#
.................O.#
.................)>#
#....)...........).#
#..................#
...................##
....................#
....................#
....................#


You could see an ogre.

Vanquished Creatures
  An orc priest (D:4)
  7 adders
  A dart slug (D:1)
  2 leopard geckos
  6 orcs (D:3)
  5 giant cockroaches
  9 goblins
  3 hobgoblins
  3 quokkas
  7 bats
  A frilled lizard (D:2)
  11 kobolds
  9 rats
65 creatures vanquished.

Notes
Turn   | Place    | Note
-------+----------+-------------------------------------------
     0 | D:1      | Gildeon the Gargoyle Earth Elementalist began the quest for
                  | the Orb.
     0 | D:1      | Reached XP level 1. HP: 10/10 MP: 3/3
   337 | D:1      | Reached XP level 2. HP: 15/15 MP: 1/5
   392 | D:1      | Learned a level 2 spell: Passwall
   619 | D:1      | Reached skill level 4 in Earth Magic
   747 | D:1      | Reached XP level 3. HP: 18/19 MP: 0/6
   759 | D:1      | Learned a level 3 spell: Stone Arrow
  1545 | D:2      | Reached XP level 4. HP: 24/24 MP: 5/8
  2018 | D:3      | Found a deep blue altar of Sif Muna.
  2021 | D:3      | Became a worshipper of Sif Muna the Loreminder
  2234 | D:3      | Reached XP level 5. HP: 28/28 MP: 7/9
  2297 | D:3      | Learned a level 4 spell: Petrify
  2507 | D:4      | Noticed Robin
  2507 | D:4      | Noticed a phantom
  2513 | D:3      | Reached skill level 5 in Earth Magic
  2537 | D:4      | Noticed an ogre
  2738 | D:3      | HP: 1/28 [ogre/+0 giant club (14)]
  2739 | D:3      | Demolished by an ogre

Levels and vault maps discovered:
D:1:      nagdon_arrival_double_spiral, layout_basic, lemuel_old_faithful
D:2:      layout_basic
D:3:      layout_rooms, lemuel_blue_sif_altar, first_ration
D:4:      layout_loops_ring, lemuel_crystal_altar, serial_shops,
          nicolae_shop_statue_plus, minmay_shop_enchanted_jewellery,
          makhleb_altar_promises_db, uniq_natasha, uniq_edmund, uniq_sigmund,
          uniq_robin

Skill      XL: |  1  2  3  4  5 |
---------------+----------------+-----
Earth Magic    | 4 5 |  5.0
Dodging        | 2 |  2.9
Spellcasting   | 3 |  3.2
Stealth        | |  2.1
Conjurations   | |  0.7
Transmutations | |  0.7

Action                   |  1- 3 |  4- 6 || total
-------------------------+-------+-------++-------
Melee: Unarmed           |    15 |       ||    15
       Mace              |       |     4 ||     4
 Cast: Sandblast         |    47 |    52 ||    99
  Use: Scroll            |     2 |     2 ||     4
       Potion            |       |     1 ||     1
  Eat: Chunk             |     2 |     4 ||     6
Armor: Robe              |     7 |       ||     7
       Leather armour    |     2 |     9 ||    11
       Ring mail         |       |     5 ||     5
Dodge: Dodged            |    28 |    26 ||    54

Table legend:
 A = Non-vault XP
 B = Vault XP
 C = Vault XP percentage of total XP
 D = Non-vault monster count
 E = Vault monster count
 F = Vault count percentage of total count
                 A         B        C        D         E       F
            +---------+---------+-------+---------+---------+-------
      Total |     233 |       6 |   2.5 |      62 |       3 |   4.6
            +---------+---------+-------+---------+---------+-------
        D:1 |      38 |       0 |   0.0 |      23 |       0 |   0.0
        D:2 |      91 |       0 |   0.0 |      19 |       0 |   0.0
        D:3 |      61 |       6 |   9.0 |      19 |       3 |  13.6
        D:4 |      43 |       0 |   0.0 |       1 |       0 |   0.0
            +---------+---------+-------+---------+---------+-------
